 Dungeon Crawl Stone Soup version 0.21.1-1-g345015f (webtiles) character file.

980 sexinstructor the Fighter (level 8, -4/68 HPs)
             Began as a Formicid Fighter on Mar 18, 2018.
             Was an Initiate of Makhleb.
             Splashed by Ijyb's acid (14 damage)
             ... on level 5 of the Dungeon.
             The game lasted 00:14:23 (4905 turns).

sexinstructor the Fighter (Formicid Fighter)        Turns: 4905, Time: 00:14:24

Health: -4/68      AC: 10    Str: 24    XL:     8   Next: 40%
Magic:  8/8        EV:  9    Int:  7    God:    Makhleb [......]
Gold:   206        SH: 11    Dex: 10    Spells: 7/7 levels left

rFire    . . .     SeeInvis +   a - +0 war axe
rCold    . . .     Gourm    .   c - +0 shield
rNeg     . . .     Faith    .   b - +0 scale mail
rPois    .         Spirit   .   (helmet unavailable)
rElec    .         Reflect  .   z - +0 cloak
rCorr    .         Harm     .   r - +1 pair of gloves
MR       .....                  (no boots)
Stlth    +.........             (no amulet)
HPRegen  0.21/turn              (no ring)
MPRegen  0.11/turn              (no ring)

@: lethally poisoned (-4 -> -16)
A: permanent stasis, dig shafts and tunnels, four strong arms, antennae 3
a: Dig, Shaft Self, Renounce Religion


You were on level 5 of the Dungeon.
You worshipped Makhleb.
Makhleb was noncommittal.
You were not hungry.

You visited 2 branches of the dungeon, and saw 6 of its levels.

You collected 206 gold pieces.

Inventory:

Hand Weapons
 a - a +0 war axe (weapon)
 A - a +0 mace
Armour
 b - a +0 scale mail (worn)
 c - a +0 shield (worn)
 r - a +1 pair of gloves (worn)
 z - a +0 cloak (worn)
Jewellery
 o - an uncursed ring of stealth {unknown}
 y - a cursed ring of loudness {unknown}
Wands
 w - a wand of iceblast (10)
 B - a wand of acid (4)
 D - a wand of enslavement (8)
Scrolls
 e - a scroll of magic mapping {unknown}
 g - a scroll of blinking {unknown}
 h - a scroll of random uselessness {unknown}
 k - a scroll of immolation {unknown}
 l - 5 scrolls of remove curse {unknown}
 m - 5 scrolls of identify {unknown}
 n - 7 scrolls of teleportation {unknown}
 q - 3 scrolls of fear {unknown}
 u - a scroll of enchant weapon {unknown}
Potions
 d - a potion of might
 i - a potion of haste {unknown}
 j - 3 potions of brilliance {unknown}
 p - 5 potions of curing {unknown}
 s - a potion of degeneration {unknown}
 t - 3 potions of heal wounds {unknown}
 v - a potion of mutation {unknown}
 x - a potion of invisibility {unknown}
Comestibles
 f - 12 rations
 C - 6 chunks of flesh


   Skills:
 + Level 8.3 Fighting
 - Level 2.1 Axes
 - Level 3.5 Armour
 - Level 4.0 Stealth
 - Level 6.7 Shields


You had 7 spell levels left.
You didn't know any spells.

Dungeon Overview and Level Annotations

Branches:
Dungeon (5/15)             Temple (1/1) D:4

Altars:
Ashenzari
Dithmenos
Elyvilon
Fedhas
Hepliaklqana
Kikubaaqudgha
Makhleb
Nemelex Xobeh
Okawaru
Qazlal
Trog
Vehumet
Wu Jian
Xom
Yredelemnul
Zin
The Shining One

Annotations:
D:5 Ijyb


Innate Abilities, Weirdness & Mutations

You cannot be hasted, slowed, berserked, paralysed or teleported.
You can dig through walls and to a lower floor.
Your four strong arms can wield two-handed weapons with a shield.
You have a pair of large antennae on your head. (SInv)


Message History

You completely miss Ijyb.
Ijyb is moderately wounded.
You feel sick. You block Ijyb's attack. x2
You miss Ijyb.
Ijyb is moderately wounded.
You feel sick. Ijyb hits you but does no damage.
You are more poisoned.
You closely miss Ijyb.
Ijyb is moderately wounded.
You feel sick. Ijyb hits you but does no damage.
You are more poisoned.
Ijyb zaps a wand.
The bolt of acid hits you!
You are splashed with acid!
The acid burns!
You are too injured to fight recklessly!
You hit Ijyb.
Ijyb is heavily wounded.
You feel sick.
Ijyb zaps a wand.
The bolt of acid hits you!
* * * LOW HITPOINT WARNING * * *
You are splashed with acid!
The acid burns!
You die...

#.# # #.......#.# #>÷.### #.#
.....##.##.#.#######.).... #.#
........................... #.#
.........##................ #÷###
.......####..#............. ....#
.............######.#...#.# #.#.#
######.##.#.......#.#...... #.#.#
#.##.#..####.#.#...#.# ..#.#
#....@g.####.#.#...#.#
.##.###########.#.##........#.#.#
.#..............#.##.##.#.......#
>.).#.......#####.## #.###...###
.#.##.#..##.# #.. ..# #####
......#..##.# ### ####
##.##....##.# #......###.#
####.#####.#


You could see Ijyb.

Vanquished Creatures
  The ghost of Mesmaeker13 the Skirmisher, an amateur DgWn (D:4)
  A phantom (D:4)
  An ogre (D:4)
  The ghost of Mgcat the Insei, an amateur GnTm (D:3)
  A big kobold (D:3)
  2 howler monkeys (D:5)
  A crimson imp (D:5)
  Crazy Yiuf (D:4)
  A hound (D:5)
  2 orc wizards (D:5)
  An iguana (D:4)
  A worker ant (D:5)
  A howler monkey zombie (D:5)
  4 gnolls (D:5)
  11 adders
  An ooze (D:1)
  An adder zombie (D:5)
  4 worms
  A dart slug (D:4)
  A leopard gecko (D:1)
  2 orcs (D:5)
  7 giant cockroaches
  6 goblins
  3 hobgoblins
  9 jackals
  A ball python (D:3)
  4 bats
  5 frilled lizards
  9 kobolds
  5 rats
89 creatures vanquished.

Notes
Turn   | Place    | Note
-------+----------+-------------------------------------------
     0 | D:1      | sexinstructor the Formicid Fighter began the quest for the Orb.
     0 | D:1      | Reached XP level 1. HP: 18/18 MP: 1/1
   138 | D:1      | Reached XP level 2. HP: 23/24 MP: 2/2
   461 | D:1      | Reached XP level 3. HP: 29/29 MP: 3/3
   620 | D:2      | Reached skill level 1 in Stealth
   816 | D:2      | Reached XP level 4. HP: 37/37 MP: 4/4
  1276 | D:2      | Reached skill level 4 in Fighting
  1538 | D:3      | Reached XP level 5. HP: 33/42 MP: 5/5
  1648 | D:3      | Reached skill level 5 in Shields
  1660 | D:3      | Noticed a big kobold
  1679 | D:3      | Killed a big kobold
  1969 | D:3      | Noticed Mgcat's ghost (amateur GnTm)
  2057 | D:3      | Killed Mgcat's ghost
  2057 | D:3      | Reached XP level 6. HP: 26/49 MP: 6/6
  3048 | D:4      | Noticed Mesmaeker13's ghost (amateur DgWn)
  3344 | D:4      | Killed Mesmaeker13's ghost
  3344 | D:4      | Reached skill level 5 in Fighting
  3344 | D:4      | Reached XP level 7. HP: 35/56 MP: 7/7
  3534 | D:4      | Found a runed door.
  3654 | D:4      | Found a staircase to the Ecumenical Temple.
  3663 | Temple   | Entered the Ecumenical Temple
  3731 | Temple   | Became a worshipper of Makhleb the Destroyer
  3962 | D:4      | Reached skill level 6 in Fighting
  3988 | D:4      | Found a blossoming altar of Fedhas.
  4426 | D:4      | Noticed Crazy Yiuf
  4438 | D:4      | Killed Crazy Yiuf
  4511 | D:5      | Entered Level 5 of the Dungeon
  4559 | D:5      | Reached skill level 7 in Fighting
  4559 | D:5      | Reached XP level 8. HP: 63/67 MP: 8/8
  4792 | D:5      | Reached skill level 8 in Fighting
  4897 | D:5      | Noticed Ijyb
  4905 | D:5      | Splashed by Ijyb's acid

Skill      XL: |  1  2  3  4  5  6  7  8 |
---------------+-------------------------+-----
Shields        | 4 6 |  6.7
Stealth        | 1 2 3 4 |  4.0
Fighting       | 4 5 7 8 |  8.3
Axes           | |  2.1
Armour         | |  3.5

Action                   |  1- 3 |  4- 6 |  7- 9 || total
-------------------------+-------+-------+-------++-------
Melee: War axe           |    74 |   196 |   165 ||   435
  Eat: Chunk             |       |     7 |     7 ||    14
Armor: Scale mail        |    54 |    85 |    57 ||   196
Dodge: Dodged            |    30 |    50 |    44 ||   124
Block: Shield            |    40 |   109 |   100 ||   249
